| TOP OF THE 1ST |
|
Chicago White Sox batting - Pitching for Seattle Mariners : LHP Randy Jones
|
|
Pitching: LHP Randy Jones
|
|
|
Batting: SHB Ozzie Smith
|
0-0: Foul Ball, location: 2F 0-1: Ball 1-1: Called Strike 1-2: Ball 2-2: SINGLE (Line Drive, 89S, EV 105.6 MPH)
|
|
Batting: SHB Dwayne Taggart
|
0-0: Fly out, F6 (Flyball, 6MD, EV 88.8 MPH)
|
|
Batting: RHB Kevin McReynolds
|
0-0: Ball Ozzie Smith is caught stealing 2nd base 2-4 1-0: Swinging Strike 1-1: Foul Ball, location: 2F 1-2: Foul Ball, location: 2F 1-2: Ground out 6-3 (Groundball, 6, EV 102.5 MPH)
|
| Top of the 1st over - 0 runs, 1 hit, 0 errors, 0 left on base; Chicago 0 - Seattle 0 |
| BOTTOM OF THE 1ST |
|
Seattle Mariners batting - Pitching for Chicago White Sox : LHP John Candelaria
|
|
Pitching: LHP John Candelaria
|
|
|
Batting: SHB Miguel Dilone
|
0-0: Ball 1-0: Ball 2-0: Ball 3-0: Base on Balls
|
|
Batting: LHB Mike Stenhouse
|
0-0: Called Strike 0-1: Ball 1-1: Swinging Strike 1-2: Hit by Pitch Miguel Dilone to second
|
|
Batting: RHB Robin Yount
|
0-0: Ball 1-0: Foul Ball, location: 2F 1-1: Foul Ball, location: 2F 1-2: Foul Ball, location: 2F 1-2: Ground out 6-3 (Groundball, 6S, EV 69.4 MPH) Miguel Dilone to third Mike Stenhouse to second
|
|
Batting: LHB Don Mattingly
|
0-0: Ball 1-0: Foul Ball, location: 2F 1-1: Ground out 4-3 (Groundball, 4MD, EV 100.0 MPH) Miguel Dilone scores Mike Stenhouse to third
|
|
Batting: LHB Chris Wynn
|
0-0: Foul Ball, location: 2F 0-1: Fly out, F6 (Line Drive, 6, EV 65.6 MPH)
|
| Bottom of the 1st over - 1 run, 0 hits, 0 errors, 1 left on base; Chicago 0 - Seattle 1 |
| TOP OF THE 2ND |
|
Chicago White Sox batting - Pitching for Seattle Mariners : LHP Randy Jones
|
|
Batting: RHB Tim Teufel
|
0-0: Called Strike 0-1: Foul Ball, location: 2F 0-2: Ball 1-2: Ground out 6-3 (Groundball, 6, EV 86.3 MPH)
|
|
Batting: LHB Rudy Law
|
0-0: Called Strike 0-1: SINGLE (Line Drive, 8LS, EV 98.8 MPH)
|
|
Batting: LHB Mitchell Page
|
0-0: Ball 1-0: Called Strike 1-1: Foul Ball, location: 2F 1-2: Ball 2-2: SINGLE (Line Drive, 4D, EV 97.5 MPH) Rudy Law to second Runner from 2nd tries for 3rd, OUT! 8-5
|
|
Batting: LHB Ryan MacFarland
|
0-0: Called Strike 0-1: Called Strike 0-2: Foul Ball, location: 2F 0-2: Foul Ball, location: 2F 0-2: SINGLE (Groundball, 6MD, EV 95.0 MPH) Mitchell Page to second Runner from 2nd tries for 3rd, SAFE, throw by CF made to third
|
|
Batting: RHB Jose Castro
|
0-0: Ball 1-0: Called Strike 1-1: Called Strike 1-2: Ball 2-2: Foul Ball, location: 2F 2-2: Fly out, F7 (Flyball, 78S, EV 89.4 MPH)
|
| Top of the 2nd over - 0 runs, 3 hits, 0 errors, 2 left on base; Chicago 0 - Seattle 1 |
| BOTTOM OF THE 2ND |
|
Seattle Mariners batting - Pitching for Chicago White Sox : LHP John Candelaria
|
|
Batting: RHB John Rabb
|
0-0: DOUBLE (Flyball, 7LD, EV 107.5 MPH)
|
|
Batting: LHB Jose Perales
|
0-0: Ball 1-0: Ball 2-0: Swinging Strike 2-1: Called Strike 2-2: Ball 3-2: Fly out, F7 (Flyball, 7D, EV 100.6 MPH) Runner from 2nd tags up, SAFE at 3rd, no throw by LF
|
|
Batting: RHB Ryne Sandberg
|
0-0: Called Strike 0-1: Ball 1-1: Called Strike 1-2: Ball 2-2: Strikes out swinging
|
|
Batting: LHB Ivan Flores
|
0-0: Ball 1-0: Foul Ball, location: 2F 1-1: Called Strike 1-2: Ground out U3 (Groundball, 34S, EV 89.4 MPH)
|
| Bottom of the 2nd over - 0 runs, 1 hit, 0 errors, 1 left on base; Chicago 0 - Seattle 1 |
| TOP OF THE 3RD |
|
Chicago White Sox batting - Pitching for Seattle Mariners : LHP Randy Jones
|
|
Batting: RHB Brian Harper
|
0-0: Ball 1-0: Ground out 6-3 (Groundball, 6, EV 102.5 MPH)
|
|
Batting: SHB Ozzie Smith
|
0-0: Ball 1-0: Ball 2-0: Called Strike 2-1: Called Strike 2-2: Foul Ball, location: 2F 2-2: DOUBLE (Line Drive, 9LM, EV 100.0 MPH)
|
|
Batting: SHB Dwayne Taggart
|
0-0: Called Strike 0-1: Foul Ball, location: 2F 0-2: Ball 1-2: Ball 2-2: Foul Ball, location: 2F 2-2: Foul Ball, location: 2F 2-2: Ground out 4-3 (Groundball, 4S, EV 85.6 MPH) Ozzie Smith to third
|
|
Batting: RHB Kevin McReynolds
|
0-0: Fly out, F7 (Flyball, 78S, EV 95.6 MPH)
|
| Top of the 3rd over - 0 runs, 1 hit, 0 errors, 1 left on base; Chicago 0 - Seattle 1 |
| BOTTOM OF THE 3RD |
|
Seattle Mariners batting - Pitching for Chicago White Sox : LHP John Candelaria
|
|
Batting: SHB Miguel Dilone
|
0-0: Foul Ball, location: 2F 0-1: Called Strike 0-2: Ball 1-2: Ball 2-2: Ball 3-2: Base on Balls
|
|
Batting: LHB Mike Stenhouse
|
0-0: Called Strike 0-1: Ball 1-1: Ball 2-1: Foul Ball, location: 2F 2-2: Fielders Choice at 2nd, 4-6 (Groundball, 4M, EV 87.5 MPH)
|
|
Batting: RHB Robin Yount
|
0-0: Fly out, F9 (Flyball, 89D, EV 101.3 MPH)
|
|
Batting: LHB Don Mattingly
|
0-0: Ball 1-0: Ball 2-0: Ground out 4-3 (Groundball, 4S, EV 85.0 MPH)
|
| Bottom of the 3rd over - 0 runs, 0 hits, 0 errors, 1 left on base; Chicago 0 - Seattle 1 |
| TOP OF THE 4TH |
|
Chicago White Sox batting - Pitching for Seattle Mariners : LHP Randy Jones
|
|
Batting: RHB Tim Teufel
|
0-0: Ball 1-0: Ball 2-0: Ball 3-0: Foul Ball, location: 2F 3-1: SINGLE (Groundball, 34D, EV 96.3 MPH)
|
|
Batting: LHB Rudy Law
|
0-0: Swinging Strike 0-1: Fly out, F7 (Line Drive, 7, EV 90.0 MPH)
|
|
Batting: LHB Mitchell Page
|
0-0: DOUBLE (Groundball, 3D, EV 101.9 MPH) Tim Teufel to third Runner from 3rd tries for Home, SAFE, throw by RF to trailing runner, SAFE at third!
|
|
Batting: LHB Ryan MacFarland
|
0-0: Fly out, F9 (Flyball, 9D, EV 108.1 MPH) Runner from 3rd tags up, OUT at HOME! 9-2
|
| Top of the 4th over - 1 run, 2 hits, 0 errors, 0 left on base; Chicago 1 - Seattle 1 |
| BOTTOM OF THE 4TH |
|
Seattle Mariners batting - Pitching for Chicago White Sox : LHP John Candelaria
|
|
Batting: LHB Chris Wynn
|
0-0: Foul Ball, location: 2F 0-1: Ball 1-1: Called Strike 1-2: Fly out, F7 (Line Drive, 7D, EV 89.4 MPH)
|
|
Batting: RHB John Rabb
|
0-0: Foul Ball, location: 2F 0-1: Ball 1-1: Ball 2-1: Fly out, F6 (Popup, 4S, EV 81.3 MPH)
|
|
Batting: LHB Jose Perales
|
0-0: Ball 1-0: Called Strike 1-1: Foul Ball, location: 2F 1-2: Ball 2-2: Strikes out swinging
|
| Bottom of the 4th over - 0 runs, 0 hits, 0 errors, 0 left on base; Chicago 1 - Seattle 1 |
| TOP OF THE 5TH |
|
Chicago White Sox batting - Pitching for Seattle Mariners : LHP Randy Jones
|
|
Batting: RHB Jose Castro
|
0-0: Ground out 5-3 (Groundball, 56S, EV 80.0 MPH)
|
|
Batting: RHB Brian Harper
|
0-0: Foul Ball, location: 2F 0-1: Ball 1-1: Called Strike 1-2: Fly out, F8 (Flyball, 8RD, EV 106.3 MPH)
|
|
Batting: SHB Ozzie Smith
|
0-0: Foul Ball, location: 2F 0-1: Ball 1-1: SINGLE (Line Drive, 56, EV 96.9 MPH)
|
|
Batting: SHB Dwayne Taggart
|
0-0: Called Strike 0-1: Called Strike 0-2: Ball 1-2: Foul Ball, location: 2F 1-2: Fielders Choice at 2nd, 5-4 (Groundball, 56, EV 83.8 MPH)
|
| Top of the 5th over - 0 runs, 1 hit, 0 errors, 1 left on base; Chicago 1 - Seattle 1 |
| BOTTOM OF THE 5TH |
|
Seattle Mariners batting - Pitching for Chicago White Sox : LHP John Candelaria
|
|
Batting: RHB Ryne Sandberg
|
0-0: Called Strike 0-1: Ball 1-1: Foul Ball, location: 2F 1-2: Strikes out looking
|
|
Batting: LHB Ivan Flores
|
0-0: Ball 1-0: SINGLE (Line Drive, 3D, EV 95.0 MPH)
|
|
Batting: SHB Miguel Dilone
|
0-0: Called Strike 0-1: Ball 1-1: Ball 2-1: Ball 3-1: Base on Balls Ivan Flores to second
|
|
Batting: LHB Mike Stenhouse
|
0-0: Called Strike 0-1: Ball 1-1: Foul Ball, location: 2F 1-2: Foul Ball, location: 2F 1-2: Foul Ball, location: 2F 1-2: DOUBLE (Line Drive, 3D, EV 103.8 MPH) Ivan Flores scores Miguel Dilone to third Runner from 3rd tries for Home, throw by RF and OUT! 9-4-2 Mike Stenhouse to third
|
|
Batting: RHB Robin Yount
|
0-0: Fly out, F8 (Flyball, 8RD, EV 89.4 MPH)
|
| Bottom of the 5th over - 1 run, 2 hits, 0 errors, 1 left on base; Chicago 1 - Seattle 2 |
| TOP OF THE 6TH |
|
Chicago White Sox batting - Pitching for Seattle Mariners : LHP Randy Jones
|
|
Batting: RHB Kevin McReynolds
|
0-0: Fly out, F4 (Flyball, 4MD, EV 87.5 MPH)
|
|
Batting: RHB Tim Teufel
|
0-0: Ball 1-0: Called Strike 1-1: Ball 2-1: Ground out 4-3 (Groundball, 4, EV 85.6 MPH)
|
|
Batting: LHB Rudy Law
|
0-0: SINGLE (Groundball, 6D, EV 107.5 MPH)
|
|
Batting: LHB Mitchell Page
|
0-0: Ball 1-0: Ball 2-0: Called Strike 2-1: Foul Ball, location: 2F 2-2: Ball 3-2: Fly out, F7 (Flyball, 7S, EV 77.5 MPH)
|
| Top of the 6th over - 0 runs, 1 hit, 0 errors, 1 left on base; Chicago 1 - Seattle 2 |
| BOTTOM OF THE 6TH |
|
Seattle Mariners batting - Pitching for Chicago White Sox : LHP John Candelaria
|
|
Batting: LHB Don Mattingly
|
0-0: Fly out, F8 (Flyball, 78D, EV 90.0 MPH)
|
|
Batting: LHB Chris Wynn
|
0-0: Foul Ball, location: 2F 0-1: DOUBLE (Line Drive, 9D, EV 95.6 MPH)
|
|
Batting: RHB John Rabb
|
0-0: Called Strike 0-1: Ball 1-1: Ball 2-1: Fly out, F8 (Flyball, 89XD, EV 90.6 MPH) Runner from 2nd tags up, SAFE at 3rd, no throw by CF
|
|
Batting: LHB Jose Perales
|
0-0: Ball 1-0: Called Strike 1-1: Foul Ball, location: 2F 1-2: Ball 2-2: Foul Ball, location: 2F 2-2: Foul Ball, location: 2F 2-2: Ball 3-2: Foul Ball, location: 2F 3-2: Foul Ball, location: 2F 3-2: Base on Balls
|
|
Pitching: LHP Gary Christophel
|
|
|
Batting: RHB Ryne Sandberg
|
0-0: Ground out 2-3 (Groundball, 15S, EV 63.8 MPH)
|
| Bottom of the 6th over - 0 runs, 1 hit, 0 errors, 2 left on base; Chicago 1 - Seattle 2 |
| TOP OF THE 7TH |
|
Chicago White Sox batting - Pitching for Seattle Mariners : LHP Randy Jones
|
|
Pitching: LHP Rich Rodas
|
|
|
Batting: LHB Ryan MacFarland
|
0-0: Swinging Strike 0-1: Foul Ball, location: 2F 0-2: Ball 1-2: Strikes out swinging
|
|
Batting: RHB Jose Castro
|
0-0: Ball 1-0: Ball 2-0: Ball 3-0: Base on Balls
|
|
Batting: RHB Brian Harper
|
0-0: Ball 1-0: Ball 2-0: Called Strike 2-1: Ball 3-1: Base on Balls Jose Castro to second
|
|
Pinch Runner at 2nd Mike A Marshall:
|
|
|
Batting: SHB Ozzie Smith
|
0-0: Ball 1-0: Called Strike 1-1: Ball 2-1: Foul Ball, location: 2F 2-2: Ball 3-2: Reached on error, E2 (Groundball, 2R, EV 66.3 MPH) Mike A Marshall scores Brian Harper to third
|
|
Batting: SHB Dwayne Taggart
|
0-0: Ball 1-0: Ground out 2-3 (Groundball, 13S, EV 63.1 MPH)
|
|
Batting: RHB Kevin McReynolds
|
0-0: Ball 1-0: Called Strike 1-1: Ball 2-1: Foul Ball, location: 2F 2-2: Foul Ball, location: 2F 2-2: Strikes out swinging
|
| Top of the 7th over - 1 run, 0 hits, 1 error, 2 left on base; Chicago 2 - Seattle 2 |
| BOTTOM OF THE 7TH |
|
Seattle Mariners batting - Pitching for Chicago White Sox : LHP Gary Christophel
|
|
Now at SS: Mike Heath
|
|
|
Batting: LHB Ivan Flores
|
0-0: Called Strike 0-1: Foul Ball, location: 2F 0-2: Fly out, F8 (Flyball, 8LD, EV 81.9 MPH)
|
|
Batting: SHB Miguel Dilone
|
0-0: Ball 1-0: Fly out, F7 (Flyball, 78D, EV 103.1 MPH)
|
|
Batting: LHB Mike Stenhouse
|
0-0: Foul Ball, location: 2F 0-1: Foul Ball, location: 2F 0-2: Foul Ball, location: 2F 0-2: Ball 1-2: Foul Ball, location: 2F 1-2: Ball 2-2: SINGLE (Groundball, P, EV 81.9 MPH) (infield hit)
|
|
Batting: RHB Robin Yount
|
0-0: Foul Ball, location: 2F 0-1: Ball 1-1: Ball 2-1: Ball 3-1: Fielders Choice at 2nd, 4-6 (Groundball, 4MD, EV 80.6 MPH)
|
| Bottom of the 7th over - 0 runs, 1 hit, 0 errors, 1 left on base; Chicago 2 - Seattle 2 |
| TOP OF THE 8TH |
|
Chicago White Sox batting - Pitching for Seattle Mariners : LHP Rich Rodas
|
|
Pitching: RHP Nick Bowditch
|
|
|
Batting: RHB Tim Teufel
|
0-0: Swinging Strike 0-1: Ball 1-1: Ball 2-1: SINGLE (Groundball, 56D, EV 96.3 MPH)
|
|
Batting: LHB Rudy Law
|
0-0: Called Strike 0-1: Swinging Strike 0-2: Ball 1-2: Foul Ball, location: 2F 1-2: Ball 2-2: SINGLE (Line Drive, 56, EV 96.3 MPH) Tim Teufel to second
|
|
Pinch Runner at 2nd Steve Henderson:
|
|
|
Batting: LHB Mitchell Page
|
0-0: Foul Ball, location: 2F 0-1: Hit by Pitch Steve Henderson to third Rudy Law to second
|
|
Batting: LHB Ryan MacFarland
|
0-0: SINGLE (Groundball, 56, EV 100.6 MPH) Steve Henderson scores Rudy Law to third Mitchell Page to second Runner from 3rd tries for Home, SAFE, throw by LF to home
|
|
Batting: RHB Mike Heath
|
0-0: Foul Ball, location: 2F 0-1: Sac Bunt to 25 - play at first, batter OUT! 5-3 Mitchell Page to third Ryan MacFarland to second
|
|
Batting: RHB Brian Harper
|
0-0: Called Strike 0-1: DOUBLE (Flyball, 78D, EV 95.0 MPH) Mitchell Page scores Ryan MacFarland scores
|
|
Pitching: RHP Scott Sanderson
|
|
|
Batting: SHB Ozzie Smith
|
0-0: Foul Ball, location: 2F 0-1: Ground out 6-3 (Groundball, 6M, EV 81.9 MPH) Brian Harper to third
|
|
Batting: SHB Dwayne Taggart
|
0-0: Ball 1-0: Ball 2-0: Called Strike 2-1: Fly out, F9 (Line Drive, 9, EV 105.0 MPH)
|
| Top of the 8th over - 4 runs, 4 hits, 0 errors, 1 left on base; Chicago 6 - Seattle 2 |
| BOTTOM OF THE 8TH |
|
Seattle Mariners batting - Pitching for Chicago White Sox : LHP Gary Christophel
|
|
Batting: LHB Don Mattingly
|
0-0: Called Strike 0-1: DOUBLE (Line Drive, 7LD, EV 98.8 MPH)
|
|
Batting: LHB Chris Wynn
|
0-0: Called Strike 0-1: Foul Ball, location: 2F 0-2: Strikes out swinging
|
|
Batting: RHB John Rabb
|
0-0: Ball 1-0: Called Strike 1-1: Ball 2-1: Ball 3-1: Base on Balls
|
|
Batting: LHB Jose Perales
|
0-0: Ball 1-0: Swinging Strike 1-1: Swinging Strike 1-2: Strikes out looking
|
|
Batting: RHB Ryne Sandberg
|
0-0: Ball 1-0: Fly out, F9 (Flyball, 89M, EV 85.6 MPH)
|
| Bottom of the 8th over - 0 runs, 1 hit, 0 errors, 2 left on base; Chicago 6 - Seattle 2 |
| TOP OF THE 9TH |
|
Chicago White Sox batting - Pitching for Seattle Mariners : RHP Scott Sanderson
|
|
Batting: RHB Kevin McReynolds
|
0-0: Ball 1-0: Ball 2-0: Ball 3-0: Base on Balls
|
|
Batting: RHB Steve Henderson
|
0-0: Called Strike 0-1: Grounds into double play, 6-4-3 (Groundball, 6, EV 109.4 MPH)
|
|
Batting: LHB Rudy Law
|
0-0: Ball 1-0: Swinging Strike 1-1: Ground out 6-3 (Groundball, 6M, EV 88.8 MPH)
|
| Top of the 9th over - 0 runs, 0 hits, 0 errors, 0 left on base; Chicago 6 - Seattle 2 |
| BOTTOM OF THE 9TH |
|
Seattle Mariners batting - Pitching for Chicago White Sox : LHP Gary Christophel
|
|
Batting: LHB Ivan Flores
|
0-0: Called Strike 0-1: Ball 1-1: Foul Ball, location: 2F 1-2: Ball 2-2: Fly out, F7 (Flyball, 78M, EV 75.6 MPH)
|
|
Batting: SHB Miguel Dilone
|
0-0: Called Strike 0-1: Ball 1-1: Foul Ball, location: 2F 1-2: Ground out 5-3 (Groundball, 5, EV 84.4 MPH)
|
|
Batting: LHB Mike Stenhouse
|
0-0: Swinging Strike 0-1: Ball 1-1: Ball 2-1: Swinging Strike 2-2: Foul Ball, location: 2F 2-2: Ball 3-2: Foul Ball, location: 2F 3-2: Ground out 5-3 (Groundball, 56, EV 111.3 MPH)
|
| Bottom of the 9th over - 0 runs, 0 hits, 0 errors, 0 left on base; Chicago 6 - Seattle 2 |
|